AoeStats
← BennettBMW

Glade

510437470Analyzed
1v1 RM · 2d ago on Oct 1, 2026· 33m 55s· 2 players
Game mode
Random Map
Map size
Tiny (2 player)
Population
200
Speed
Normal
Resources
Standard
Victory
Conquest
Starting age
Dark Age
Ending age
Imperial Age
RankedLock teamsTeams togetherTeam positionsShared explorationLock speedFull tech treeHidden civsTurbo modeCheats
Victory
Defeat
🇨🇱 Byzantines · Chile
987
+17
🇺🇸 Celts · United States
1000
-51
El Gran Memo
10:12 Feudal Age
10:12 Loom
10:43 Double-Bit Axe
11:05 Horse Collar
12:49 Gold Mining
18:53 Castle Age
18:17 Forging
18:55 Wheelbarrow
18:41 Stone Mining
20:47 Scale Mail Armor
23:43 Heavy Plow
24:09 Fletching
24:52 Elite Skirmisher
26:14 Bow Saw
27:34 Chain Mail Armor
28:12 Arson
28:54 Squires
30:35 Iron Casting
31:22 Hand Cart
33:18 Ballistics
BennettBMW
13:19 Feudal Age
17:19 Wheelbarrow
18:06 Man-at-Arms
29:24 Castle Age
29:34 Light Cavalry
29:40 Pikeman
29:46 Crossbowman
Connection lost

Rejoining the realm…

Still unreachable

The connection could not be restored.

Session expired

The server has moved on; the page needs a fresh start.